 Dungeon Crawl Stone Soup version 0.27.0-1-g7a089689b8 (webtiles) character file.

Game seed: 8294700146815202484

1988 pkoi the Ruffian (level 9, -1/77 (78) HPs)
             Began as a Minotaur Monk on Aug 5, 2021.
             Was a High Priest of Nemelex Xobeh.
             Slain by a vampire (3 damage)
             ... on level 7 of the Dungeon.
             The game lasted 00:09:23 (6783 turns).

pkoi the Ruffian (Minotaur Monk)                    Turns: 6783, Time: 00:09:24

HP:   -1/77 (78)    AC:  8    Str: 19    XL:     9   Next: 1%
MP:   11/11         EV: 14    Int:  7    God:    Nemelex Xobeh [*****.]
Gold: 267           SH:  0    Dex: 13    Spells: 7/8 levels left

rFire    . . .     SeeInvis .     - Unarmed
rCold    . . .     Faith    .   (no shield)
rNeg     . . .     Spirit   .   a - +0 robe
rPois    .         Reflect  .   g - +1 hat
rElec    .         Harm     .   (no cloak)
rCorr    .         Rampage  .   l - +2 pair of gloves
Will     .....                  e - +0 pair of boots
Stlth    ++........             h - amulet of the acrobat
HPRegen  0.22/turn              (no ring)
MPRegen  0.12/turn              (no ring)

@: lightly drained
A: horns 2, retaliatory headbutt
a: Renounce Religion, Draw Escape, Draw Destruction, Draw Summoning, Triple
Draw, Deal Four, Stack Five


You were on level 7 of the Dungeon.
You worshipped Nemelex Xobeh.
Nemelex Xobeh was extremely pleased with you.
You visited 2 branches of the dungeon, and saw 8 of its levels.

You collected 267 gold pieces.

Inventory:

Missiles
 f - 38 poisoned darts (quivered)
 p - 12 curare-tipped darts
 s - a throwing net
Armour
 a - a +0 robe (worn)
 e - a +0 pair of boots (worn)
 g - a +1 hat (worn)
 l - a +2 pair of gloves (worn)
Jewellery
 h - an amulet of the acrobat (around neck)
 n - a ring of willpower
Wands
 j - a wand of iceblast (10)
 t - a wand of flame (32)
Scrolls
 d - 3 scrolls of identify
 i - a scroll of enchant weapon
 q - a scroll of immolation
 u - 2 scrolls of magic mapping
 v - a scroll of teleportation
Potions
 b - 3 potions of haste {unknown}
 c - 3 potions of resistance {unknown}
 m - a potion of lignification {unknown}
 o - a potion of cancellation
 r - 3 potions of curing {unknown}
 w - a potion of degeneration {unknown}
 x - a potion of heal wounds {unknown}
 z - a potion of berserk rage {unknown}
 A - 2 potions of brilliance {unknown}


   Skills:
 + Level 6.9 Fighting
 + Level 5.6 Armour
 + Level 6.3 Dodging
 - Level 1.5 Stealth
 + Level 7.7 Unarmed Combat
 + Level 4.7 Invocations


You had 7 spell levels left.
You knew the following spells:

 Your Spells              Type           Power      Damage    Failure   Level
a - Apportation           Tloc           0%         N/A       43%         1

Your spell library contained the following spells:

 Spells                   Type           Power      Damage    Failure   Level
 Sting                    Tmut/Pois      0%         1d3       43%         1
 Poisonous Vapours        Pois/Air       0%         N/A       56%         2
 Olgreb's Toxic Radiance  Pois           0%         N/A       99%         4


Dungeon Overview and Level Annotations

Branches:
Dungeon (7/15)             Temple (1/1) D:4

Altars:
Ashenzari
Dithmenos
Elyvilon
Fedhas
Gozag
Kikubaaqudgha
Makhleb
Nemelex Xobeh
Okawaru
Qazlal
Ru
Sif Muna
Trog
Uskayaw
Vehumet
Xom
Yredelemnul
Zin
The Shining One
Beogh

Annotations:
D:4 1 runed translucent door, solopath's ghost, amateur SpBe
D:5 3 runed translucent doors, esper6's ghost, novice DDFi


Innate Abilities, Weirdness & Mutations

You have a pair of horns on your head.
You reflexively headbutt those who attack you in melee.


Message History

You hit the vampire.
The vampire is heavily damaged.
The vampire closely misses you. You furiously retaliate!
You headbutt the vampire!
The vampire bites you but does no damage.
You closely miss the vampire.
The vampire is severely damaged.
The vampire draws life force from you!
The vampire is healed by the life force!
You closely miss the vampire. You headbutt the vampire.
The vampire is heavily damaged.
You closely miss the vampire.
The vampire is heavily damaged.
The vampire draws life force from you!
* * * LOW HITPOINT WARNING * * *
The vampire is healed by the life force!
You barely miss the vampire. Your headbutt misses the vampire.
The vampire is moderately damaged.
The vampire casts a spell at you. You resist with some effort.
You closely miss the vampire.
The vampire is moderately damaged.
The vampire hits you but does no damage.
The vampire bites you!
* * * LOW HITPOINT WARNING * * *
The vampire draws strength from your injuries!
You hit the vampire but do no damage.
The vampire is lightly damaged.
The vampire barely misses you. You furiously retaliate!
You headbutt the vampire. The vampire completely misses you.
You draw a card...
You have drawn Degeneration.
The vampire is dazed by the mutagenic energy.
The vampire hits you!
* * * LOW HITPOINT WARNING * * *
The vampire bites you but does no damage.
You draw a card...
You have drawn the Pentagram.
The vampire hits you but does no damage.
The vampire bites you.
You die...
Your body glows slightly and disappears.

##.... ##....# ...
###....# #..## ##.....#
#....## ##......#####
#.....###...........###
......#...........R...##
...........)...)[.).....
................@V[..#
..........###..3####...#
.........## ##### #
.......#..#
.......##...# .......#
#...# ......## #...#
......# #... .....## #..


You could see a smoke demon (summoned), a vampire (dazed, ally target) and a
friendly rakshasa (summoned).

Vanquished Creatures
  An acid dragon (D:7)
  A water moccasin (D:7)
  An ice beast (D:5)
  A necrophage (D:7)
  4 ogres
  3 phantoms
  3 scorpions
  2 water moccasin skeletons
  5 wights
  An electric eel (D:6)
  A hound (D:6)
  A jelly (D:7)
  A centaur skeleton (D:7)
  Jessica (D:2)
  An iguana (D:5)
  An orc wizard (D:6)
  A howler monkey skeleton (D:6)
  6 gnolls
  4 adders
  An adder skeleton (D:4)
  A worm (D:2)
  7 dart slugs
  18 orcs
  A bat (D:1)
  6 endoplasms
  3 giant cockroaches
  3 goblins
  6 hobgoblins
  4 jackals (D:4)
  3 kobolds
  4 quokkas
  10 ball pythons
  4 frilled lizards
  9 rats
119 creatures vanquished.

Vanquished Creatures (collateral kills)
  A water moccasin (D:5)
  A killer bee (D:6)
  A wight (D:6)
  A bullfrog zombie (D:6)
  2 gnolls (D:5)
  A ball python (D:4)
  A kobold (D:4)
8 creatures vanquished.

Vanquished Creatures (others)
  3 plants (D:5)
3 creatures vanquished.

Grand Total: 130 creatures vanquished

Notes
Turn   | Place    | Note
-------+----------+-------------------------------------------
     0 | D:1      | pkoi the Minotaur Monk began the quest for the Orb.
     0 | D:1      | Reached XP level 1. HP: 19/19 MP: 0/0
   575 | D:1      | Reached XP level 2. HP: 26/26 MP: 1/1
   576 | D:1      | Reached skill level 4 in Unarmed Combat
  1109 | D:2      | Reached XP level 3. HP: 31/31 MP: 2/2
  1212 | D:2      | Noticed Jessica
  1222 | D:2      | Killed Jessica
  1223 | D:2      | Reached skill level 5 in Unarmed Combat
  1225 | D:2      | Got Jessica's Collected Works on the Compass
  1341 | D:2      | Learned a level 1 spell: Apportation
  1390 | D:2      | Reached XP level 4. HP: 39/39 MP: 3/3
  1453 | D:2      | Found a faded altar of an unknown god.
  1584 | D:2      | Became a worshipper of Nemelex Xobeh the Trickster
  1584 | D:2      | Reached * piety under Nemelex Xobeh
  1584 | D:2      | Received a gift from Nemelex Xobeh
  1584 | D:2      | Received a gift from Nemelex Xobeh
  1584 | D:2      | Reached ** piety under Nemelex Xobeh
  1584 | D:2      | Received a gift from Nemelex Xobeh
  1732 | D:3      | Reached *** piety under Nemelex Xobeh
  1758 | D:3      | Received a gift from Nemelex Xobeh
  2141 | D:3      | Reached skill level 1 in Armour
  2698 | D:4      | Reached skill level 1 in Invocations
  2698 | D:4      | Reached XP level 5. HP: 43/46 MP: 4/4
  2841 | D:4      | Noticed an ogre
  2846 | D:4      | Killed an ogre
  2894 | D:4      | Noticed solopath's ghost (amateur SpBe)
  2895 | D:4      | Reached **** piety under Nemelex Xobeh
  2898 | D:4      | Found a runed translucent door.
  2925 | D:4      | Found a staircase to the Ecumenical Temple.
  2936 | D:4      | Reached XP level 6. HP: 53/53 MP: 6/6
  2957 | D:4      | Received a gift from Nemelex Xobeh
  3662 | D:5      | Entered Level 5 of the Dungeon
  3664 | D:5      | Reached skill level 6 in Unarmed Combat
  3697 | D:5      | Reached skill level 5 in Fighting
  3697 | D:5      | Reached XP level 7. HP: 23/61 MP: 7/7
  3728 | Temple   | Entered the Ecumenical Temple
  4717 | D:5      | Reached skill level 5 in Dodging
  4842 | D:5      | Found a stormy altar of Qazlal.
  4925 | D:5      | Received a gift from Nemelex Xobeh
  5025 | D:5      | Found a runed translucent gate.
  5027 | D:5      | Found a runed translucent gate.
  5028 | D:5      | Found a runed translucent gate.
  5028 | D:5      | Noticed esper6's ghost (novice DDFi)
  5105 | D:6      | Reached XP level 8. HP: 50/69 MP: 9/9
  5207 | D:6      | Reached skill level 7 in Unarmed Combat
  5486 | D:6      | Received a gift from Nemelex Xobeh
  5677 | D:6      | Reached ***** piety under Nemelex Xobeh
  6277 | D:7      | Reached skill level 5 in Armour
  6405 | D:7      | Found a shadowy altar of Dithmenos.
  6406 | D:7      | Found an iron altar of Okawaru.
  6508 | D:7      | Noticed a slime creature
  6768 | D:7      | Reached XP level 9. HP: 46/77 MP: 11/11
  6782 | D:7      | HP: 2/77 [vampire (7)]
  6783 | D:7      | Noticed a smoke demon
  6783 | D:7      | Slain by a vampire

Illustrated notes

Levels and vault maps discovered:
D:1:      amcnicky_arrival_double_pillar, layout_basic
D:2:      kennysheep_big_flooded_room, layout_basic,
          ebering_ecumenical_altar_hall, kennysheep_jessica_study
D:3:      minmay_general_purpose_star, layout_basic, uniq_jessica
D:4:      layout_loops_corners, minmay_temple_entry_arrows,
          hellmonk_ghost_happy_afterlife
D:5:      layout_rooms, mainiacjoe_overflow_chevrons, biasface_ghost_orc_armoury
D:6:      layout_cave_pods, roderic_filled_cross, nicolae_water_bricks,
          grunt_ministairs_9, chequers_mini_garden
D:7:      layout_cave_pods, jmf_multi_god_temple, minmay_manual_mail
Temple:   eino_temple_rhombus

Skill      XL: |  1  2  3  4  5  6  7  8 |
---------------+-------------------------+-----
Unarmed Combat | 4 5 6 7 |  7.7
Armour         | 1 2 3 4 5 |  5.6
Fighting       | 4 5 6 |  6.9
Invocations    | 1 2 3 4 |  4.7
Dodging        | 4 5 6 |  6.3
Stealth        | |  1.5

Action                   |  1- 3 |  4- 6 |  7- 9 || total
-------------------------+-------+-------+-------++-------
Melee: Unarmed           |    62 |    88 |   124 ||   274
       Headbutt          |    10 |     9 |    25 ||    44
       Punch             |     2 |     3 |     4 ||     9
Throw: Dart              |       |       |     2 ||     2
Invok: Draw Destruction  |       |    18 |    15 ||    33
       Draw Summoning    |       |       |     4 ||     4
       Draw Escape       |       |       |     2 ||     2
  Use: Scroll            |       |     6 |     5 ||    11
       Potion            |       |       |     1 ||     1
 Stab: Sleeping          |     6 |     4 |       ||    10
Armor: Robe              |    11 |    19 |    29 ||    59
Dodge: Dodged            |    25 |    58 |    87 ||   170
